 Dungeon Crawl Stone Soup version 0.32-a0-960-g3814254bd7 (webtiles) character file.

Game seed: 807321948102464641

2877 trashops the Cleaver (level 9, -5/75 HPs)
             Began as a Mountain Dwarf Fighter on Apr 17, 2024.
             Was a Believer of Okawaru.
             Incinerated by a deep elf pyromancer (16 damage)
             ... with a pyre arrow
             ... on level 7 of the Dungeon.
             The game lasted 00:12:08 (8563 turns).

trashops the Cleaver (Mountain Dwarf Fighter)       Turns: 8563, Time: 00:12:09

Health: -5/75      AC: 14    Str: 23    XL:     9   Next: 48%
Magic:  9/9        EV:  5    Int:  9    God:    Okawaru [**....]
Gold:   394        SH:  0    Dex:  9    Spells: 8/8 levels left

rFire   . . .        a - +1 war axe (chaos)
rCold   . . .        c - +0 buckler
rNeg    . . .        m - +0 plate armour
rPois   .            (no helmet)
rElec   .            (no cloak)
rCorr   .            k - +0 pair of gloves
SInv    .            (no boots)
Will    .....        j - amulet of the acrobat Stlth
                     f - ring of flight
HPRegen 0.32/turn    (no ring)
MPRegen 0.11/turn

%: acrobat
@: confused, on fire, ambrosia-drunk, flying, glowing
A: runic magic, artefact enchanting
a: Renounce Religion, Heroism


You were on level 7 of the Dungeon.
You worshipped Okawaru.
Okawaru was pleased with you.
You visited 2 branches of the dungeon, and saw 9 of its levels.

You collected 394 gold pieces.

Inventory:

Hand Weapons
 a - a +1 war axe of chaos (weapon)
 e - a +2 hand axe of electrocution
 i - a +0 war axe
 r - a +0 antimagic falchion
Armour
 c - a +0 buckler (worn)
 k - a +0 pair of gloves (worn)
 m - a +0 plate armour (worn)
Jewellery
 f - a ring of flight (left hand)
 j - an amulet of the acrobat (around neck)
 q - a ring of ice
Wands
 t - a wand of paralysis (6)
Scrolls
 b - a scroll of blinking {unknown}
 l - 2 scrolls of identify
 n - 2 scrolls of torment
 p - a scroll of teleportation
 s - a scroll of enchant armour {unknown}
Potions
 d - a potion of might
 h - 2 potions of attraction
 o - a potion of cancellation


   Skills:
 + Level 5.8 Fighting
 * Level 12.4 Axes
 + Level 7.6 Armour
 + Level 4.5 Shields


You had 8 spell levels left.
You didn't know any spells.
Your spell library contained the following spells:

 Spells                   Type           Power      Damage    Failure   Level
 Cigotuvi's Dreadful Rot  Necr/Alch/Air  0%         N/A       82%         2
 Ensorcelled Hibernation  Hex/Ice        0%         N/A       82%         2
 Lesser Beckoning         Tloc           0%         N/A       82%         2
 Sublimation of Blood     Necr           0%         N/A       82%         2
 Fugue of the Fallen      Necr           0%         N/A       96%         3
 Maxwell's Portable Pile  Tloc           0%         2d(5-13)  96%         3
 Sigil of Binding         Hex            0%         N/A       96%         3
 Teleport Other           Tloc           0%         N/A       96%         3
 Anguish                  Hex/Necr       0%         N/A       100%        4
 Dimensional Bullseye     Hex/Tloc       0%         N/A       100%        4
 Dispel Undead            Necr           0%         3d6       100%        4
 Olgreb's Toxic Radiance  Alch           0%         N/A       100%        4
 Curse of Agony           Necr           0%         N/A       100%        5
 Conjure Ball Lightning   Conj/Air       0%         3x3d6     100%        6
 Ozocubu's Refrigeration  Ice            0%         4d7       100%        7
 Rimeblight               Ice/Necr       0%         2d3       (prima100%   7
 Discord                  Hex            0%         N/A       100%        8
 Disjunction              Tloc           0%         N/A       100%        8
 Call Canine Familiar     Summ           Unusable   N/A       N/A         3
 Martyr's Knell           Necr/Summ      Unusable   N/A       N/A         4

Dungeon Overview and Level Annotations

Branches:
Dungeon (8/15)             Temple (1/1) D:4
   Lair: D:8-11

Altars:
Ashenzari
Cheibriados
Dithmenos
Elyvilon
Fedhas
Gozag
Hepliaklqana
Kikubaaqudgha
Makhleb
Nemelex Xobeh
Okawaru
Qazlal
Ru
Sif Muna
Trog
Uskayaw
Vehumet
Wu Jian
Xom
Yredelemnul
The Shining One

Shops:
D:4 :   D:5 :

Annotations:
D:6 2 transporters, TheSexyCheese's ghost, novice OpFE


Innate Abilities, Weirdness & Mutations

Your spellcasting is much less encumbered by armour.
You can use scrolls of enchantment on lesser artefacts.


Message History

You hit the deep elf pyromancer but do no damage.
The deep elf pyromancer is poisoned.
The deep elf pyromancer is heavily wounded.
You barely miss the fire elemental.
The deep elf pyromancer casts a spell.
The deep elf pyromancer blinks!
The fire elemental hits you. The fire elemental burns you!
The fire elemental hits you. The fire elemental burns you!
The deep elf pyromancer gestures at you while chanting.
The bolt of fire hits you!!
* * * LOW HITPOINT WARNING * * *
You barely miss the deep elf pyromancer.
The deep elf pyromancer is heavily wounded.
You hit the fire elemental. You freeze the fire elemental.
The fire elemental hits you. The fire elemental burns you!
* * * LOW HITPOINT WARNING * * *
The deep elf pyromancer casts a spell.
The deep elf pyromancer blinks!
You are confused.
You feel invigorated. The fire elemental hits you.
The fire elemental burns you!
* * * LOW HITPOINT WARNING * * *
You miss the fire elemental.
The fire elemental is moderately damaged.
The fire elemental hits you. The fire elemental burns you!
* * * LOW HITPOINT WARNING * * *
The deep elf pyromancer casts a spell at you.
The bolt of fire misses you.
The deep elf pyromancer barely misses you.
You hit the deep elf pyromancer. You freeze the deep elf pyromancer.
The deep elf pyromancer is severely wounded.
The deep elf pyromancer gestures at you while chanting.
The pyre arrow hits you.
You are covered in intense liquid fire!
You miss the fire elemental.
The fire elemental is moderately damaged.
You hit the deep elf pyromancer but do no damage.
The deep elf pyromancer looks weaker.
The liquid fire burns you!
You die...

#...#...####...
##.......##....# ####
#........###.... ##<.##
##.......##.....
#....####..............
#..#...###..........>.#
##.###..#...........###
#####.##..e........#####~~
##.##..#..@E.......##..[~~#
##..#....#...☼......#..#####
#...<......#..○.....###'..##
##.........#.##......# ....#
##.#..##............#.....#
#####..........#.....#~..~~#
##..#......#....#.....#~..~.#
#..........###........#.~[.)#
##..##....## #..###...#≈≈)≈≈#


You could see a deep elf pyromancer (poisoned, weak) and a fire elemental
(summoned, slow).

Vanquished Creatures
  A kobold demonologist (D:7)
  A wraith (D:6)
  2 vampires (D:7)
  An ice beast (D:8)
  An ogre (D:6)
  An orc warrior (D:7)
  A sky beast (D:6)
  2 black bears (D:7)
  A phantom (D:5)
  3 bullfrogs
  A gnoll sergeant (D:5)
  2 scorpions (D:6)
  5 wights (D:5)
  4 howler monkeys (D:7)
  4 jellies
  3 hounds
  Terence (D:3)
  4 iguanas
  8 orc wizards
  7 gnolls
  3 adders
  2 white imps (D:6)
  An ufetubus (D:7)
  A dart slug (D:2)
  A ribbon worm (D:3)
  22 orcs
  11 ball pythons
  14 bats
  4 endoplasms
  2 giant cockroaches
  8 goblins
  7 hobgoblins
  2 jackals (D:4)
  3 quokkas
  5 frilled lizards
  9 kobolds
  10 rats
158 creatures vanquished.

Notes
Turn   | Place    | Note
-------+----------+-------------------------------------------
     0 | D:1      | trashops the Mountain Dwarf Fighter began the quest for the
                  | Orb.
     0 | D:1      | Reached XP level 1. HP: 19/19 MP: 1/1
   288 | D:1      | Reached XP level 2. HP: 14/26 MP: 2/2
   340 | D:1      | Noticed a shining eye
   342 | D:1      | Found a faded altar of an unknown god.
   344 | D:1      | Noticed a shining eye
   344 | D:1      | Noticed a glass eye
   344 | D:1      | Noticed a great orb of eyes
   446 | D:1      | Reached skill level 3 in Axes
   700 | D:1      | Reached XP level 3. HP: 30/31 MP: 3/3
  1500 | D:2      | You are sucked into a shaft and drop 2 floors!
  1626 | D:4      | Reached skill level 4 in Axes
  1713 | D:4      | Found a staircase to the Ecumenical Temple.
  1720 | Temple   | Entered the Ecumenical Temple
  1729 | D:4      | Reached XP level 4. HP: 38/40 MP: 4/4
  1812 | D:3      | Noticed Terence
  1821 | D:3      | Killed Terence
  1838 | D:3      | Reached skill level 5 in Axes
  1838 | D:3      | Reached XP level 5. HP: 39/46 MP: 5/5
  2767 | D:4      | Found Xiump's Book Shoppe.
  2778 | D:4      | Reached skill level 6 in Axes
  3190 | D:4      | Reached XP level 6. HP: 28/52 MP: 6/6
  3316 | D:4      | HP: 2/52 [gnoll/+0 flail (8)]
  4012 | D:5      | Entered Level 5 of the Dungeon
  4347 | D:5      | Reached skill level 7 in Axes
  4507 | D:5      | Found an iron altar of Okawaru.
  4507 | D:5      | Found a burning altar of Makhleb.
  4510 | D:5      | Became a worshipper of Warmaster Okawaru
  4610 | D:5      | Reached XP level 7. HP: 51/60 MP: 7/7
  4771 | D:5      | Reached skill level 5 in Armour
  4940 | D:5      | Reached skill level 8 in Axes
  5538 | D:5      | Found Ostist's Tremendous Tomes.
  5892 | D:6      | Found a transporter.
  6026 | D:6      | Found a snail-covered altar of Cheibriados.
  6201 | D:6      | Reached * piety under Okawaru
  6202 | D:6      | Reached skill level 9 in Axes
  6202 | D:6      | Reached XP level 8. HP: 63/67 MP: 8/8
  6468 | D:6      | Found a transporter.
  6509 | D:6      | Reached skill level 5 in Fighting
  6578 | D:6      | Reached skill level 10 in Axes
  6630 | D:6      | Noticed TheSexyCheese's ghost (novice OpFE)
  7274 | D:7      | Reached ** piety under Okawaru
  7352 | D:7      | Reached skill level 11 in Axes
  7436 | D:7      | Noticed a kobold demonologist
  7437 | D:7      | Noticed a sun demon
  7441 | D:7      | Noticed a hellwing
  7473 | D:8      | Reached XP level 9. HP: 71/74 MP: 9/9
  7995 | D:7      | Noticed a red devil
  8002 | D:7      | Killed a kobold demonologist
  8109 | D:7      | Reached skill level 12 in Axes
  8540 | D:7      | Noticed a deep elf pyromancer
  8559 | D:7      | HP: 1/75 [fire elemental[a deep elf pyromancer] (7)]
  8563 | D:7      | Incinerated by a deep elf pyromancer

Illustrated notes

Levels and vault maps discovered:
D:1:      wander_arrival_estate, layout_basic,
          hellmonk_ecumenical_altar_watching_god, st_stairs_5, minivault_25,
          minmay_shallow_snake_nest
D:2:      layout_basic
D:3:      layout_rooms, uniq_terence
D:4:      layout_basic, minmay_temple_entry_gardened_gates, serial_shops,
          nicolae_stop_n_shop_2, wad_floor_pattern_untrapped
D:5:      layout_layer_cave, gammafunk_temple_overflow_elements,
          nicolae_shop_i_like_big_books
D:6:      layout_loops_corners, mainiacjoe_overflow_catwalk,
          gammafunk_ghost_stat_death, st_stairs_4
D:7:      cheibrodos_two_vegetables, layout_cave_pools,
          corexii_item_surrounded_by_moat, serial_library_hellmonk_octagon
D:8:      layout_rooms, zin_angel, ebering_ghost_reflecting_pool,
          grunt_decor_fettered, uniq_erica
Temple:   dpeg_three_leaves_temple

Skill      XL: |  1  2  3  4  5  6  7  8  9 |
---------------+----------------------------+-----
Axes           | 3 4 5 6 7 9 11 12 | 12.4
Fighting       | 4 5 |  5.8
Armour         | 4 5 7 |  7.6
Shields        | 4 |  4.5

Action                     |  1- 3 |  4- 6 |  7- 9 || total
---------------------------+-------+-------+-------++-------
  Melee: War axe           |   171 |   194 |   207 ||   572
    Use: Scroll            |     3 |     8 |       ||    11
         Potion            |       |     6 |     5 ||    11
 Armour: Scale mail        |   153 |   158 |    10 ||   321
         Plate armour      |       |       |   177 ||   177
  Dodge: Dodged            |    95 |   123 |    69 ||   287
  Block: Buckler           |    37 |    44 |    25 ||   106

Table legend: (Time is in decaauts)
 A = Elapsed time spent in this place.
 B = Non-inter-level travel time spent in this place.
 C = Inter-level travel time spent in this place.
 D = Time resting spent in this place.
 E = Time spent auto-exploring this place.
 F = Levels seen in this place.
 G = Mean time per level.
                   A        B        C        D        E       F      G
               +--------+--------+--------+--------+--------+-----+--------+
         Total |   8688 |   8472 |    216 |   1528 |   5259 |   9 |  965.3 |
       Dungeon |   8686 |   8470 |    216 |   1528 |   5259 |   8 | 1085.8 |
        Temple |      1 |      1 |      0 |      0 |      0 |   1 |    1.0 |
               +--------+--------+--------+--------+--------+-----+--------+

Top non-repeatable levels by time:
     D:4: 1841 daAuts
     D:5: 1510 daAuts
     D:6: 1348 daAuts
     D:7: 1343 daAuts
     D:1: 1123 daAuts
     D:2: 865 daAuts
     D:3: 602 daAuts
     D:8: 51 daAuts
  Temple: 1 daAuts
